WCHLSIM.com - West Coast Hockey League
html PUBLIC "-//W3C//DTD XHTML 1.0 Transitional//EN" "http://www.w3.org/TR/xhtml1/DTD/xhtml1-transitional.dtd"> WCHL - Game 396 - TEXAS TOROS vs CALGARY FIREMEN

TEXAS TOROS vs CALGARY FIREMEN

Created - 6 décembre 2022 at 07:43

Goals
1 2 3 T
TEXAS TOROS 0 1 0 1
CALGARY FIREMEN 3 0 1 4
Shots
1 2 3 T
TEXAS TOROS 2 6 4 12
CALGARY FIREMEN 18 8 18 44

1st period

1. CALGARY FIREMEN , Andreas Athanasiou 7 (Filip Forsberg 19, Ryan Johansen 20) at 5:18
2. CALGARY FIREMEN , Filip Forsberg 16 (Jakob Silfverberg 13) at 11:39
3. CALGARY FIREMEN , Sonny Milano 7 (Adam Henrique 14) at 14:21

Penalties :
Tyson Barrie (TEX) for Holding (Minor) at 3:18, Vladislav Namestnikov (TEX) for Slashing (Minor) at 19:41

2nd period

4. TEXAS TOROS , Barrett Hayton 7 (Vladislav Namestnikov 8, Ryan Suter 4) at 11:30

Penalties :
Tyson Barrie (TEX) for Hooking (Minor) at 2:33, Justin Braun (CGY) for Slashing (Minor) at 5:01, Jake McCabe (CGY) for Close Hand On Puck (Minor) at 11:46, Ryan Suter (TEX) for Hooking (Minor) at 15:46

3rd period

5. CALGARY FIREMEN , Jakob Silfverberg 3 (Filip Forsberg 20) at 7:50

Penalties :
Erik Gustafsson (TEX) for Slashing (Minor) at 0:11, Marc-Edouard Vlasic (CGY) for Holding (Minor) at 18:28

Goalie Stats

Adin Hill (TEX), 40 saves from 44 shots - (0,909), L, 2-4-1, 60:00 minutes
Vitek Vanecek (CGY), 11 saves from 12 shots - (0,917), W, 12-6-1, 60:00 minutes

Players Stats for TEXAS TOROS

Player Name              G  A  P  +/- PIM S  H  SB GA TA FO     MP     PP MP  PK MP  
------------------------------------------------------------------------------------
Barrett Hayton           1  0  1   1  0   1  0  0  0  0  2/2    20:52   3:11   3:39 
Bobby Brink              0  0  0  -1  0   0  1  0  0  0  7/21   16:20   3:11   0:00 
Brandon Duhaime          0  0  0  -2  0   0  6  0  0  0  1/5    14:03   1:54   3:36 
Dante Fabbro             0  0  0  -1  0   0  0  1  0  0  0/0    20:23   2:51   4:39 
Eetu Luostarinen         0  0  0  -1  0   2  1  0  0  0  0/0    15:27   2:18   0:00 
Erik Gustafsson          0  0  0  -2  2   1  2  2  0  0  0/0    23:51   1:56   3:05 
Jason Zucker             0  0  0  -1  0   3  2  0  0  0  4/11   22:17   2:52   6:16 
Johnathan Kovacevic      0  0  0  -2  0   0  2  3  0  0  0/0    17:02   0:00   0:54 
Mikey Eyssimont          0  0  0   1  0   0  0  0  0  0  0/1    14:29   0:24   0:03 
Nate Schmidt             0  0  0   0  0   0  0  0  0  0  0/0     0:00   0:00   0:00 
Owen Power               0  0  0   1  0   0  0  0  0  0  0/0    19:10   2:38   5:34 
Ryan Poehling            0  0  0  -2  0   0  0  0  0  0  3/11   17:26   2:37   6:16 
Ryan Suter               0  1  1  -1  2   2  0  4  0  0  0/0    15:13   0:42   3:02 
Taylor Raddysh           0  0  0  -1  0   1  1  0  0  0  2/11    8:52   0:00   0:00 
Trevor Zegras            0  0  0  -3  0   0  1  0  0  0  0/0    17:25   0:00   0:00 
Tyson Barrie             0  0  0  -1  4   2  0  1  0  0  0/0    24:17   2:51   2:36 
Vladislav Namestnikov    0  1  1   1  2   0  1  0  0  0  4/15   14:01   0:00   0:00 
Yegor Chinakhov          0  0  0  -1  0   0  0  0  0  0  0/0     8:52   0:00   0:00 

Players Stats for CALGARY FIREMEN

Player Name              G  A  P  +/- PIM S  H  SB GA TA FO     MP     PP MP  PK MP  
------------------------------------------------------------------------------------
Adam Henrique            0  1  1   1  0   11 0  0  0  0  11/21  19:58   5:21   0:00 
Alex Goligoski           0  0  0   2  0   1  0  1  0  0  0/0    22:52   4:27   3:37 
Andreas Athanasiou       1  0  1   1  0   1  1  0  0  0  1/1    18:53   4:16   0:00 
Brett Howden             0  0  0   0  0   1  2  0  0  0  5/8     7:54   1:10   2:49 
Filip Forsberg           1  2  3   2  0   7  1  0  0  0  0/1    19:28   4:34   0:00 
Gustav Forsling          0  0  0   1  0   2  0  0  0  0  0/0    23:04   4:48   2:35 
Jack Drury               0  0  0   0  0   0  1  0  0  0  10/15  13:50   0:00   2:40 
Jake McCabe              0  0  0   1  2   2  3  0  0  0  0/0    20:42   5:07   1:16 
Jakob Silfverberg        1  1  2   2  0   4  1  0  0  0  5/5    22:03   4:29   2:40 
Justin Braun             0  0  0   0  2   1  0  0  0  0  0/0    15:54   0:00   1:48 
Marc-Edouard Vlasic      0  0  0   0  2   0  2  0  0  0  0/0    16:38   0:58   1:42 
Mattias Janmark-Nylen    0  0  0   0  0   1  0  0  0  0  1/1    11:10   0:00   0:00 
Oskar Lindblom           0  0  0   0  0   1  1  0  0  0  0/0     3:55   0:00   0:00 
Ryan Johansen            0  1  1   2  0   3  0  0  0  0  20/21  19:28   4:34   0:00 
Sam Gagner               0  0  0   0  0   3  0  0  0  0  1/1    11:10   0:00   0:00 
Shayne Gostisbehere      0  0  0   2  0   3  1  0  0  0  0/0    20:47   4:30   0:00 
Sonny Milano             1  0  1   1  0   3  1  0  0  0  0/1    19:58   5:21   0:00 
Yakov Trenin             0  0  0   0  0   0  2  0  0  0  0/2     6:44   0:00   2:49 

3 Stars

1 - Filip Forsberg (CGY)
2 - Jakob Silfverberg (CGY)
3 - Sonny Milano (CGY)

Power Play

TEXAS TOROS - 0 on 3 Attempt(s) - 0,00%
CALGARY FIREMEN - 0 on 5 Attempt(s) - 0,00%

Penalty Kill

TEXAS TOROS - 5 on 5 Attempt(s) - 100,00% - Score 0 goal in Penalty Kill
CALGARY FIREMEN - 3 on 3 Attempt(s) - 100,00% - Score 0 goal in Penalty Kill

Team Stat

TEXAS TOROS - Hits : 17 - Faceoff Wins : 23 - Blocked Shots : 11 - Penalty Minutes : 10
CALGARY FIREMEN - Hits : 16 - Faceoff Wins : 54 - Blocked Shots : 1 - Penalty Minutes : 6

Official

Referees : Marc Joannette and Beaudry Halkidis
Linesman : Brad Kovachik and Greg Devorski

Game Notes

No Game Note

Finance

Level 1 -- Attendance: 6000 (100,00%) -- Ticket Income 870 000 $
Level 2 -- Attendance: 5000 (100,00%) -- Ticket Income 550 000 $
Level 3 -- Attendance: 2742 (91,40%) -- Ticket Income 164 520 $
Level 4 -- Attendance: 4787 (95,74%) -- Ticket Income 282 433 $
Luxury Box -- Attendance: 943 (94,30%) -- Ticket Income 273 470 $
Game was played at the Larouche Stadium.
Total Attendance: 19472 (97,36%)
Total Ticket Income: 2 140 423 $
Other Expense: 21 404 $
Total Income: 2 119 019 $

TEXAS TOROS

5 vs 5 Forward 
   Center                   Left Wing                Right Wing               Time % Phy DF OF 
 1 Bobby Brink              Eetu Luostarinen         Jason Zucker             36     1   2  2  
 2 Vladislav Namestnikov    Barrett Hayton           Mikey Eyssimont          31     1   2  2  
 3 Ryan Poehling            Brandon Duhaime          Trevor Zegras            23     1   2  2  
 4 Taylor Raddysh           Trevor Zegras            Yegor Chinakhov          10     1   2  2  

5 vs 5 Defense 
   Defense                  Defense                                           Time % Phy DF OF 
 1 Erik Gustafsson          Johnathan Kovacevic                               36     1   2  2  
 2 Tyson Barrie             Dante Fabbro                                      31     1   2  2  
 3 Owen Power               Erik Gustafsson                                   23     1   2  2  
 4 Tyson Barrie             Ryan Suter                                        10     1   2  2  

PowerPlay Forward 
   Center                   Left Wing                Right Wing               Time % Phy DF OF 
 1 Brandon Duhaime          Eetu Luostarinen         Jason Zucker             55     1   2  2  
 2 Bobby Brink              Barrett Hayton           Ryan Poehling            45     1   2  2  

PowerPlay Defense
   Defense                  Defense                                           Time % Phy DF OF 
 1 Erik Gustafsson          Owen Power                                        55     1   2  2  
 2 Tyson Barrie             Dante Fabbro                                      45     1   2  2  

Penalty Kill 4 Players Forward 
   Center                   Wing                     Time % Phy DF OF 
 1 Jason Zucker             Ryan Poehling            55     1   2  2  
 2 Brandon Duhaime          Barrett Hayton           45     1   2  2  

Penalty Kill 4 Players Defense
   Defense                  Defense                  Time % Phy DF OF 
 1 Owen Power               Erik Gustafsson          55     1   2  2  
 2 Tyson Barrie             Dante Fabbro             45     1   2  2  

Penalty Kill - 3 Players Forward 
   Forward                                           Time % Phy DF OF 
 1 Jason Zucker                                      55     1   2  2  
 2 Barrett Hayton                                    45     1   2  2  

Penalty Kill - 3 Players Defense
   Defense                  Defense                  Time % Phy DF OF 
 1 Johnathan Kovacevic      Erik Gustafsson          55     1   2  2  
 2 Tyson Barrie             Dante Fabbro             45     1   2  2  

4 vs 4 Forward 
   Center                   Wing                     Time % Phy DF OF 
 1 Jason Zucker             Ryan Poehling            55     1   2  2  
 2 Brandon Duhaime          Barrett Hayton           45     1   2  2  

4 vs 4 Defense
   Defense                  Defense                  Time % Phy DF OF 
 1 Erik Gustafsson          Johnathan Kovacevic      55     1   2  2  
 2 Tyson Barrie             Dante Fabbro             45     1   2  2  

Last Minutes Offensive
   Center                   Left Wing                Right Wing               Defense                  Defense                  
   Bobby Brink              Eetu Luostarinen         Jason Zucker             Tyson Barrie             Johnathan Kovacevic      

Last Minutes Defensive
   Center                   Left Wing                Right Wing               Defense                  Defense                  
   Bobby Brink              Eetu Luostarinen         Jason Zucker             Tyson Barrie             Johnathan Kovacevic      

Goaltenders
Starting : Adin Hill                
Backup : Philipp Grubauer         

Extra Forwards
Normal : Jason Zucker, Ryan Poehling, Brandon Duhaime - PP : Jason Zucker, Ryan Poehling - PK : Brandon Duhaime
Extra Defensemen
Normal : Owen Power, Erik Gustafsson, Tyson Barrie - PP : Owen Power - PK : Erik Gustafsson, Tyson Barrie
Penalty Shots
Ryan Poehling, Trevor Zegras, Eetu Luostarinen, Barrett Hayton, Jason Zucker
Custom OT Lines Forwards
Bobby Brink, Eetu Luostarinen, Vladislav Namestnikov, Barrett Hayton, Jason Zucker, Trevor Zegras, Mikey Eyssimont, Ryan Poehling, Brandon Duhaime, Yegor Chinakhov
Custom OT Lines Defensemen
Erik Gustafsson, Johnathan Kovacevic, Tyson Barrie, Dante Fabbro, Owen Power

Scratches
Connor Bunnaman (Healthy), Alec Martinez (Left Hand Injury), Miles Wood (Healthy), Philippe Myers (Healthy), Richard Panik (Strained Back Injury)
Jakub Skarek (Healthy)

CALGARY FIREMEN

5 vs 5 Forward 
   Center                   Left Wing                Right Wing               Time % Phy DF OF 
 1 Ryan Johansen            Jakob Silfverberg        Filip Forsberg           33     0   1  4  
 2 Adam Henrique            Sonny Milano             Andreas Athanasiou       32     0   2  3  
 3 Jack Drury               Mattias Janmark-Nylen    Sam Gagner               25     1   2  2  
 4 Brett Howden             Yakov Trenin             Oskar Lindblom           10     1   2  2  

5 vs 5 Defense 
   Defense                  Defense                                           Time % Phy DF OF 
 1 Gustav Forsling          Jake McCabe                                       33     1   1  3  
 2 Alex Goligoski           Shayne Gostisbehere                               32     1   1  3  
 3 Marc-Edouard Vlasic      Justin Braun                                      25     1   2  2  
 4 Gustav Forsling          Shayne Gostisbehere                               10     1   3  1  

PowerPlay Forward 
   Center                   Left Wing                Right Wing               Time % Phy DF OF 
 1 Ryan Johansen            Filip Forsberg           Andreas Athanasiou       50     0   0  5  
 2 Adam Henrique            Sonny Milano             Jakob Silfverberg        50     0   0  5  

PowerPlay Defense
   Defense                  Defense                                           Time % Phy DF OF 
 1 Gustav Forsling          Shayne Gostisbehere                               50     1   1  3  
 2 Alex Goligoski           Jake McCabe                                       50     1   1  3  

Penalty Kill 4 Players Forward 
   Center                   Wing                     Time % Phy DF OF 
 1 Jack Drury               Jakob Silfverberg        50     0   5  0  
 2 Brett Howden             Yakov Trenin             50     0   5  0  

Penalty Kill 4 Players Defense
   Defense                  Defense                  Time % Phy DF OF 
 1 Marc-Edouard Vlasic      Justin Braun             70     1   4  0  
 2 Alex Goligoski           Jake McCabe              30     1   4  0  

Penalty Kill - 3 Players Forward 
   Forward                                           Time % Phy DF OF 
 1 Jakob Silfverberg                                 50     0   5  0  
 2 Sam Gagner                                        50     0   5  0  

Penalty Kill - 3 Players Defense
   Defense                  Defense                  Time % Phy DF OF 
 1 Marc-Edouard Vlasic      Justin Braun             50     0   5  0  
 2 Alex Goligoski           Jake McCabe              50     0   5  0  

4 vs 4 Forward 
   Center                   Wing                     Time % Phy DF OF 
 1 Ryan Johansen            Filip Forsberg           50     1   1  3  
 2 Adam Henrique            Sonny Milano             50     1   1  3  

4 vs 4 Defense
   Defense                  Defense                  Time % Phy DF OF 
 1 Gustav Forsling          Shayne Gostisbehere      50     1   1  3  
 2 Alex Goligoski           Jake McCabe              50     1   1  3  

Last Minutes Offensive
   Center                   Left Wing                Right Wing               Defense                  Defense                  
   Ryan Johansen            Adam Henrique            Filip Forsberg           Gustav Forsling          Shayne Gostisbehere      

Last Minutes Defensive
   Center                   Left Wing                Right Wing               Defense                  Defense                  
   Adam Henrique            Filip Forsberg           Jakob Silfverberg        Gustav Forsling          Alex Goligoski           

Goaltenders
Starting : Vitek Vanecek            
Backup : Carey Price              

Extra Forwards
Normal : Brett Howden, Sonny Milano, Oskar Lindblom - PP : Brett Howden, Sonny Milano - PK : Oskar Lindblom
Extra Defensemen
Normal : Marc-Edouard Vlasic, Justin Braun, Alex Goligoski - PP : Marc-Edouard Vlasic - PK : Justin Braun, Alex Goligoski
Penalty Shots
Filip Forsberg, Ryan Johansen, Adam Henrique, Sonny Milano, Andreas Athanasiou
Custom OT Lines Forwards
Filip Forsberg, Ryan Johansen, Adam Henrique, Andreas Athanasiou, Jakob Silfverberg, Sonny Milano, Sam Gagner, Oskar Lindblom, Yakov Trenin, Jack Drury
Custom OT Lines Defensemen
Gustav Forsling, Shayne Gostisbehere, Alex Goligoski, Jake McCabe, Marc-Edouard Vlasic

Scratches
Gustav Lindstrom (Healthy)

% Time on Ice - TEXAS TOROS

Lines # - Real PCT - Wanted PCT - Time Play
Normal Forward
1 - 29% - 36% - 13:09
2 - 31% - 31% - 14:02
3 - 19% - 23% - 8:33
4 - 20% - 10% - 8:52
Normal Defense
1 - 36% - 36% - 16:08
2 - 26% - 31% - 11:42
3 - 14% - 23% - 6:02
4 - 24% - 10% - 10:44
PP Forward
1 - 42% - 55% - 2:18
2 - 58% - 45% - 3:11
PP Defense
1 - 48% - 55% - 2:38
2 - 52% - 45% - 2:51
PK Forward
1 - 64% - 55% - 6:19
2 - 36% - 45% - 3:36
PK Defense
1 - 62% - 55% - 6:07
2 - 38% - 45% - 3:48
PK3 Forward
1 - 0% - 55%
2 - 0% - 45%
PK3 Defense
1 - 0% - 55%
2 - 0% - 45%
44 Forward
1 - 0% - 55%
2 - 0% - 45%
44 Defense
1 - 0% - 55%
2 - 0% - 45%
Last Minute Offensive  - 0:00
Last Minute Defensive  - 0:00
Total
Forward - 60:00
Defense - 60:00

% Time on Ice - CALGARY FIREMEN

Lines # - Real PCT - Wanted PCT - Time Play
Normal Forward
1 - 33% - 33% - 14:54
2 - 33% - 32% - 14:37
3 - 25% - 25% - 11:10
4 - 9% - 10% - 3:55
Normal Defense
1 - 32% - 33% - 14:20
2 - 32% - 32% - 14:19
3 - 31% - 25% - 13:59
4 - 4% - 10% - 1:58
PP Forward
1 - 46% - 50% - 4:34
2 - 54% - 50% - 5:21
PP Defense
1 - 48% - 50% - 4:48
2 - 52% - 50% - 5:07
PK Forward
1 - 49% - 50% - 2:40
2 - 51% - 50% - 2:49
PK Defense
1 - 68% - 70% - 3:44
2 - 32% - 30% - 1:45
PK3 Forward
1 - 0% - 50%
2 - 0% - 50%
PK3 Defense
1 - 0% - 50%
2 - 0% - 50%
44 Forward
1 - 0% - 50%
2 - 0% - 50%
44 Defense
1 - 0% - 50%
2 - 0% - 50%
Last Minute Offensive  - 0:00
Last Minute Defensive  - 0:00
Total
Forward - 60:00
Defense - 60:00

Play-by-Play

1st period


0:01 of 1st period - Ryan Johansen wins face-off versus Bobby Brink in neutral zone.
0:34 of 1st period - Shot by Jason Zucker.
0:34 of 1st period - Stopped by Vitek Vanecek without a rebound.
0:35 of 1st period - Adam Henrique wins face-off versus Vladislav Namestnikov in CALGARY FIREMEN zone.
0:54 of 1st period - Shot by Adam Henrique.
0:54 of 1st period - Stopped by Adin Hill without a rebound.
0:55 of 1st period - Jack Drury wins face-off versus Ryan Poehling in TEXAS TOROS zone.
2:19 of 1st period - Shot by Adam Henrique.
2:19 of 1st period - Stopped by Adin Hill with a rebound.
2:21 of 1st period - Shot by Sonny Milano.
2:21 of 1st period - Shot Misses the Net.
2:23 of 1st period - Shot by Alex Goligoski.
2:23 of 1st period - Stopped by Adin Hill with a rebound.
2:25 of 1st period - Shot by Sonny Milano.
2:25 of 1st period - Shot Misses the Net.
2:27 of 1st period - Shot by Adam Henrique.
2:27 of 1st period - Stopped by Adin Hill without a rebound.
2:28 of 1st period - Brett Howden wins face-off versus Bobby Brink in TEXAS TOROS zone.
2:49 of 1st period - Off-side.
2:50 of 1st period - Ryan Johansen wins face-off versus Taylor Raddysh in neutral zone.
3:08 of 1st period - Shot by Filip Forsberg.
3:08 of 1st period - Shot Misses the Net.
3:10 of 1st period - Shot by Shayne Gostisbehere.
3:10 of 1st period - Stopped by Adin Hill with a rebound.
3:17 of 1st period - Shot by Shayne Gostisbehere.
3:17 of 1st period - Shot Misses the Net.
3:18 of 1st period - Minor Penalty to Tyson Barrie for Holding.
3:19 of 1st period - Adam Henrique wins face-off versus Jason Zucker in TEXAS TOROS zone.
3:22 of 1st period - Shot by Adam Henrique.
3:22 of 1st period - Shot Blocked by Erik Gustafsson.
3:24 of 1st period - Shot by Adam Henrique.
3:24 of 1st period - Deflect By Sonny Milano.
3:24 of 1st period - Stopped by Adin Hill with a rebound.
3:26 of 1st period - Shot by Alex Goligoski.
3:26 of 1st period - Shot Misses the Net.
3:30 of 1st period - Shot by Jakob Silfverberg.
3:30 of 1st period - Stopped by Adin Hill without a rebound.
3:31 of 1st period - Ryan Johansen wins face-off versus Jason Zucker in TEXAS TOROS zone.
3:56 of 1st period - Shot by Ryan Johansen.
3:56 of 1st period - Stopped by Adin Hill without a rebound.
3:57 of 1st period - Adam Henrique wins face-off versus Jason Zucker in TEXAS TOROS zone.
4:04 of 1st period - Shot by Jakob Silfverberg.
4:04 of 1st period - Shot Misses the Net.
4:10 of 1st period - Shot by Sonny Milano.
4:10 of 1st period - Shot Misses the Net.
4:12 of 1st period - Shot by Gustav Forsling.
4:12 of 1st period - Stopped by Adin Hill with a rebound.
4:14 of 1st period - Shot by Gustav Forsling.
4:14 of 1st period - Shot Misses the Net.
4:16 of 1st period - Shot by Gustav Forsling.
4:16 of 1st period - Shot Blocked by Dante Fabbro.
4:26 of 1st period - Shot by Adam Henrique.
4:26 of 1st period - Shot Misses the Net.
4:40 of 1st period - Shot by Sonny Milano.
4:40 of 1st period - Shot Misses the Net.
4:42 of 1st period - Shot by Gustav Forsling.
4:42 of 1st period - Shot Hit the Post.
5:18 of 1st period - Shot by Andreas Athanasiou.
5:18 of 1st period - Goal by Andreas Athanasiou - TEXAS TOROS : 0 - CALGARY FIREMEN : 1.
5:19 of 1st period - Jack Drury wins face-off versus Taylor Raddysh in neutral zone.
5:22 of 1st period - Taylor Raddysh is hit by Jack Drury.
5:32 of 1st period - Shot by Yegor Chinakhov.
5:32 of 1st period - Shot Misses the Net.
5:34 of 1st period - Shot by Johnathan Kovacevic.
5:34 of 1st period - Shot Misses the Net.
5:59 of 1st period - Off-side.
6:00 of 1st period - Ryan Johansen wins face-off versus Mikey Eyssimont in neutral zone.
6:02 of 1st period - Off-side.
6:03 of 1st period - Adam Henrique wins face-off versus Vladislav Namestnikov in neutral zone.
6:40 of 1st period - Shot by Adam Henrique.
6:40 of 1st period - Shot Misses the Net.
6:42 of 1st period - Shot by Sonny Milano.
6:42 of 1st period - Shot Blocked by Ryan Suter.
6:44 of 1st period - Shot by Sonny Milano.
6:44 of 1st period - Shot Misses the Net.
6:46 of 1st period - Shot by Sonny Milano.
6:46 of 1st period - Shot Misses the Net.
7:03 of 1st period - Icing by Barrett Hayton.
7:04 of 1st period - Vladislav Namestnikov wins face-off versus Ryan Johansen in TEXAS TOROS zone.
7:16 of 1st period - Icing by Filip Forsberg.
7:17 of 1st period - Ryan Johansen wins face-off versus Bobby Brink in CALGARY FIREMEN zone.
7:34 of 1st period - Shot by Filip Forsberg.
7:34 of 1st period - Shot Hit the Post.
7:36 of 1st period - Shot by Filip Forsberg.
7:36 of 1st period - Stopped by Adin Hill without a rebound.
7:37 of 1st period - Ryan Poehling wins face-off versus Brett Howden in TEXAS TOROS zone.
7:42 of 1st period - Owen Power is hit by Yakov Trenin.
7:48 of 1st period - Brett Howden is hit by Brandon Duhaime.
8:06 of 1st period - Shot by Trevor Zegras.
8:06 of 1st period - Shot Misses the Net.
8:14 of 1st period - Shot by Ryan Poehling.
8:14 of 1st period - Shot Misses the Net.
8:28 of 1st period - Shot by Jason Zucker.
8:28 of 1st period - Shot Misses the Net.
9:14 of 1st period - Shot by Mikey Eyssimont.
9:14 of 1st period - Shot Misses the Net.
9:20 of 1st period - Owen Power is hit by Yakov Trenin and loses puck.
9:40 of 1st period - Barrett Hayton is hit by Jake McCabe and loses puck.
9:50 of 1st period - Andreas Athanasiou is hit by Johnathan Kovacevic and loses puck.
10:08 of 1st period - Shot by Adam Henrique.
10:08 of 1st period - Stopped by Adin Hill with a rebound.
10:28 of 1st period - Shot by Filip Forsberg.
10:28 of 1st period - Stopped by Adin Hill without a rebound.
10:29 of 1st period - Bobby Brink wins face-off versus Jack Drury in TEXAS TOROS zone.
10:56 of 1st period - Shot by Sam Gagner.
10:56 of 1st period - Stopped by Adin Hill without a rebound.
10:57 of 1st period - Jakob Silfverberg wins face-off versus Ryan Poehling in TEXAS TOROS zone.
11:00 of 1st period - Shot by Filip Forsberg.
11:00 of 1st period - Stopped by Adin Hill without a rebound.
11:01 of 1st period - Ryan Johansen wins face-off versus Ryan Poehling in TEXAS TOROS zone.
11:06 of 1st period - Shot by Ryan Johansen.
11:06 of 1st period - Shot Misses the Net.
11:09 of 1st period - Icing by Tyson Barrie.
11:10 of 1st period - Ryan Johansen wins face-off versus Ryan Poehling in TEXAS TOROS zone.
11:39 of 1st period - Shot by Filip Forsberg.
11:39 of 1st period - Goal by Filip Forsberg - TEXAS TOROS : 0 - CALGARY FIREMEN : 2.
11:40 of 1st period - Bobby Brink wins face-off versus Adam Henrique in neutral zone.
11:57 of 1st period - Icing by Erik Gustafsson.
11:58 of 1st period - Bobby Brink wins face-off versus Jack Drury in TEXAS TOROS zone.
12:03 of 1st period - Shot by Erik Gustafsson.
12:03 of 1st period - Stopped by Vitek Vanecek without a rebound.
12:04 of 1st period - Ryan Johansen wins face-off versus Taylor Raddysh in CALGARY FIREMEN zone.
13:00 of 1st period - Ryan Johansen is hit by Jason Zucker and loses puck.
13:12 of 1st period - Bobby Brink is hit by Jake McCabe and loses puck.
13:23 of 1st period - Icing by Jake McCabe.
13:24 of 1st period - Ryan Johansen wins face-off versus Vladislav Namestnikov in CALGARY FIREMEN zone.
13:28 of 1st period - Off-side.
13:29 of 1st period - Vladislav Namestnikov wins face-off versus Adam Henrique in neutral zone.
13:34 of 1st period - Shot by Barrett Hayton.
13:34 of 1st period - Shot Misses the Net.
13:41 of 1st period - Adam Henrique is hit by Vladislav Namestnikov and loses puck.
13:50 of 1st period - Shot by Adam Henrique.
13:50 of 1st period - Stopped by Adin Hill without a rebound.
13:51 of 1st period - Jack Drury wins face-off versus Bobby Brink in TEXAS TOROS zone.
14:01 of 1st period - Icing by Erik Gustafsson.
14:02 of 1st period - Bobby Brink wins face-off versus Sonny Milano in TEXAS TOROS zone.
14:21 of 1st period - Shot by Sonny Milano.
14:21 of 1st period - Goal by Sonny Milano - TEXAS TOROS : 0 - CALGARY FIREMEN : 3.
14:22 of 1st period - Mattias Janmark-Nylen wins face-off versus Ryan Poehling in neutral zone.
14:40 of 1st period - Mattias Janmark-Nylen is hit by Brandon Duhaime.
17:46 of 1st period - Marc-Edouard Vlasic is hit by Eetu Luostarinen.
18:07 of 1st period - Icing by Owen Power.
18:08 of 1st period - Jason Zucker wins face-off versus Adam Henrique in TEXAS TOROS zone.
19:00 of 1st period - Andreas Athanasiou is hit by Brandon Duhaime and loses puck.
19:41 of 1st period - Minor Penalty to Vladislav Namestnikov for Slashing.
19:42 of 1st period - Ryan Johansen wins face-off versus Brandon Duhaime in TEXAS TOROS zone.
19:54 of 1st period - Shot by Gustav Forsling.
19:54 of 1st period - Shot Misses the Net.
Goals for this period are 0 for TEXAS TOROS vs 3 for CALGARY FIREMEN.
Shots for this period are 2 for TEXAS TOROS vs 18 for CALGARY FIREMEN.

2nd period


0:01 of 2nd period - Adam Henrique wins face-off versus Jason Zucker in neutral zone.
0:40 of 2nd period - Shot by Alex Goligoski.
0:40 of 2nd period - Shot Blocked by Erik Gustafsson.
0:42 of 2nd period - Shot by Adam Henrique.
0:42 of 2nd period - Stopped by Adin Hill with a rebound.
0:44 of 2nd period - Shot by Alex Goligoski.
0:44 of 2nd period - Deflect By Adam Henrique.
0:44 of 2nd period - Shot Misses the Net.
1:40 of 2nd period - Icing by Shayne Gostisbehere.
1:41 of 2nd period - Taylor Raddysh wins face-off versus Jack Drury in CALGARY FIREMEN zone.
1:44 of 2nd period - Shot by Tyson Barrie.
1:44 of 2nd period - Shot Misses the Net.
1:46 of 2nd period - Shot by Taylor Raddysh.
1:46 of 2nd period - Stopped by Vitek Vanecek without a rebound.
1:47 of 2nd period - Taylor Raddysh wins face-off versus Jack Drury in CALGARY FIREMEN zone.
2:11 of 2nd period - Shot by Sam Gagner.
2:11 of 2nd period - Stopped by Adin Hill without a rebound.
2:12 of 2nd period - Vladislav Namestnikov wins face-off versus Yakov Trenin in TEXAS TOROS zone.
2:14 of 2nd period - Dante Fabbro is hit by Oskar Lindblom.
2:33 of 2nd period - Minor Penalty to Tyson Barrie for Hooking.
2:34 of 2nd period - Jason Zucker wins face-off versus Adam Henrique in TEXAS TOROS zone.
3:06 of 2nd period - Shot by Sonny Milano.
3:06 of 2nd period - Shot Misses the Net.
3:08 of 2nd period - Shot by Jake McCabe.
3:08 of 2nd period - Stopped by Adin Hill with a rebound.
3:10 of 2nd period - Shot by Jake McCabe.
3:10 of 2nd period - Shot Blocked by Ryan Suter.
3:12 of 2nd period - Shot by Jake McCabe.
3:12 of 2nd period - Deflect By Adam Henrique.
3:12 of 2nd period - Stopped by Adin Hill without a rebound.
3:13 of 2nd period - Ryan Johansen wins face-off versus Brandon Duhaime in TEXAS TOROS zone.
4:15 of 2nd period - Off-side.
4:16 of 2nd period - Jason Zucker wins face-off versus Adam Henrique in neutral zone.
5:01 of 2nd period - Minor Penalty to Justin Braun for Slashing.
5:02 of 2nd period - Brett Howden wins face-off versus Bobby Brink in CALGARY FIREMEN zone.
6:08 of 2nd period - Icing by Tyson Barrie.
6:09 of 2nd period - Brandon Duhaime wins face-off versus Yakov Trenin in TEXAS TOROS zone.
7:08 of 2nd period - Off-side.
7:09 of 2nd period - Adam Henrique wins face-off versus Taylor Raddysh in neutral zone.
7:28 of 2nd period - Shot by Adam Henrique.
7:28 of 2nd period - Stopped by Adin Hill without a rebound.
7:29 of 2nd period - Ryan Johansen wins face-off versus Vladislav Namestnikov in TEXAS TOROS zone.
7:53 of 2nd period - Shot by Filip Forsberg.
7:53 of 2nd period - Deflect By Jakob Silfverberg.
7:53 of 2nd period - Stopped by Adin Hill without a rebound.
7:54 of 2nd period - Adam Henrique wins face-off versus Bobby Brink in TEXAS TOROS zone.
8:21 of 2nd period - Shot by Sonny Milano.
8:21 of 2nd period - Stopped by Adin Hill without a rebound.
8:22 of 2nd period - Ryan Johansen wins face-off versus Ryan Poehling in TEXAS TOROS zone.
8:49 of 2nd period - Shot by Ryan Johansen.
8:49 of 2nd period - Shot Blocked by Johnathan Kovacevic.
8:51 of 2nd period - Shot by Gustav Forsling.
8:51 of 2nd period - Shot Blocked by Johnathan Kovacevic.
9:32 of 2nd period - Shot by Sonny Milano.
9:32 of 2nd period - Shot Misses the Net.
10:33 of 2nd period - Eetu Luostarinen is hit by Marc-Edouard Vlasic and loses puck.
11:18 of 2nd period - Shot by Ryan Suter.
11:18 of 2nd period - Stopped by Vitek Vanecek with a rebound.
11:20 of 2nd period - Shot by Owen Power.
11:20 of 2nd period - Shot Misses the Net.
11:22 of 2nd period - Shot by Ryan Suter.
11:22 of 2nd period - Stopped by Vitek Vanecek with a rebound.
11:25 of 2nd period - Barrett Hayton is hit by Marc-Edouard Vlasic and loses puck.
11:30 of 2nd period - Shot by Barrett Hayton.
11:30 of 2nd period - Goal by Barrett Hayton - TEXAS TOROS : 1 - CALGARY FIREMEN : 3.
11:31 of 2nd period - Ryan Johansen wins face-off versus Vladislav Namestnikov in neutral zone.
11:33 of 2nd period - Off-side.
11:34 of 2nd period - Vladislav Namestnikov wins face-off versus Filip Forsberg in neutral zone.
11:46 of 2nd period - Minor Penalty to Jake McCabe for Close Hand On Puck.
11:47 of 2nd period - Bobby Brink wins face-off versus Brett Howden in CALGARY FIREMEN zone.
11:54 of 2nd period - Dante Fabbro is hit by Brett Howden and loses puck.
12:12 of 2nd period - Icing by Tyson Barrie.
12:13 of 2nd period - Jack Drury wins face-off versus Bobby Brink in TEXAS TOROS zone.
12:20 of 2nd period - Shot by Jakob Silfverberg.
12:20 of 2nd period - Stopped by Adin Hill without a rebound.
12:21 of 2nd period - Barrett Hayton wins face-off versus Brett Howden in TEXAS TOROS zone.
13:14 of 2nd period - Shot by Tyson Barrie.
13:14 of 2nd period - Shot Blocked by Alex Goligoski.
13:16 of 2nd period - Shot by Dante Fabbro.
13:16 of 2nd period - Shot Hit the Post.
13:18 of 2nd period - Shot by Dante Fabbro.
13:18 of 2nd period - Shot Misses the Net.
13:20 of 2nd period - Shot by Tyson Barrie.
13:20 of 2nd period - Stopped by Vitek Vanecek without a rebound.
13:21 of 2nd period - Jack Drury wins face-off versus Bobby Brink in CALGARY FIREMEN zone.
13:44 of 2nd period - Shot by Tyson Barrie.
13:44 of 2nd period - Stopped by Vitek Vanecek without a rebound.
13:45 of 2nd period - Jakob Silfverberg wins face-off versus Brandon Duhaime in CALGARY FIREMEN zone.
13:45 of 2nd period - Jakob Silfverberg is hit by Brandon Duhaime.
14:27 of 2nd period - Shot by Adam Henrique.
14:27 of 2nd period - Shot Blocked by Johnathan Kovacevic.
15:46 of 2nd period - Minor Penalty to Ryan Suter for Hooking.
15:47 of 2nd period - Jason Zucker wins face-off versus Adam Henrique in TEXAS TOROS zone.
15:47 of 2nd period - Jason Zucker is hit by Brett Howden.
17:55 of 2nd period - Icing by Ryan Suter.
17:56 of 2nd period - Jack Drury wins face-off versus Taylor Raddysh in TEXAS TOROS zone.
18:32 of 2nd period - Icing by Mattias Janmark-Nylen.
18:33 of 2nd period - Jack Drury wins face-off versus Vladislav Namestnikov in CALGARY FIREMEN zone.
18:53 of 2nd period - Icing by Vladislav Namestnikov.
18:54 of 2nd period - Ryan Johansen wins face-off versus Vladislav Namestnikov in TEXAS TOROS zone.
19:56 of 2nd period - Barrett Hayton is hit by Andreas Athanasiou and loses puck.
Goals for this period are 1 for TEXAS TOROS vs 0 for CALGARY FIREMEN.
Shots for this period are 6 for TEXAS TOROS vs 8 for CALGARY FIREMEN.

3rd period


0:01 of 3rd period - Ryan Johansen wins face-off versus Jason Zucker in neutral zone.
0:07 of 3rd period - Filip Forsberg is hit by Erik Gustafsson and loses puck.
0:11 of 3rd period - Minor Penalty to Erik Gustafsson for Slashing.
0:12 of 3rd period - Adam Henrique wins face-off versus Jason Zucker in TEXAS TOROS zone.
0:23 of 3rd period - Icing by Sonny Milano.
0:24 of 3rd period - Adam Henrique wins face-off versus Jason Zucker in CALGARY FIREMEN zone.
1:21 of 3rd period - Shot by Filip Forsberg.
1:21 of 3rd period - Shot Misses the Net.
3:22 of 3rd period - Shot by Yakov Trenin.
3:22 of 3rd period - Shot Misses the Net.
3:24 of 3rd period - Shot by Shayne Gostisbehere.
3:24 of 3rd period - Stopped by Adin Hill with a rebound.
3:30 of 3rd period - Shot by Brett Howden.
3:30 of 3rd period - Stopped by Adin Hill with a rebound.
3:32 of 3rd period - Shot by Gustav Forsling.
3:32 of 3rd period - Shot Misses the Net.
4:23 of 3rd period - Icing by Tyson Barrie.
4:24 of 3rd period - Adam Henrique wins face-off versus Vladislav Namestnikov in TEXAS TOROS zone.
4:27 of 3rd period - Shot by Adam Henrique.
4:27 of 3rd period - Stopped by Adin Hill without a rebound.
4:28 of 3rd period - Bobby Brink wins face-off versus Adam Henrique in TEXAS TOROS zone.
5:18 of 3rd period - Icing by Sonny Milano.
5:19 of 3rd period - Adam Henrique wins face-off versus Vladislav Namestnikov in CALGARY FIREMEN zone.
5:34 of 3rd period - Shot by Filip Forsberg.
5:34 of 3rd period - Stopped by Adin Hill with a rebound.
5:57 of 3rd period - Barrett Hayton is hit by Jake McCabe and loses puck.
6:04 of 3rd period - Dante Fabbro is hit by Filip Forsberg and loses puck.
6:25 of 3rd period - Shot by Sam Gagner.
6:25 of 3rd period - Shot Misses the Net.
6:27 of 3rd period - Shot by Shayne Gostisbehere.
6:27 of 3rd period - Stopped by Adin Hill without a rebound.
6:28 of 3rd period - Brett Howden wins face-off versus Ryan Poehling in TEXAS TOROS zone.
6:39 of 3rd period - Shot by Oskar Lindblom.
6:39 of 3rd period - Stopped by Adin Hill without a rebound.
6:40 of 3rd period - Andreas Athanasiou wins face-off versus Bobby Brink in TEXAS TOROS zone.
6:44 of 3rd period - Adam Henrique is hit by Erik Gustafsson and loses puck.
7:48 of 3rd period - Shot by Jakob Silfverberg.
7:48 of 3rd period - Shot Misses the Net.
7:50 of 3rd period - Shot by Jakob Silfverberg.
7:50 of 3rd period - Goal by Jakob Silfverberg - TEXAS TOROS : 1 - CALGARY FIREMEN : 4.
7:51 of 3rd period - Ryan Johansen wins face-off versus Taylor Raddysh in neutral zone.
8:00 of 3rd period - Shot by Ryan Johansen.
8:00 of 3rd period - Stopped by Adin Hill without a rebound.
8:01 of 3rd period - Jakob Silfverberg wins face-off versus Vladislav Namestnikov in TEXAS TOROS zone.
8:34 of 3rd period - Shot by Barrett Hayton.
8:34 of 3rd period - Shot Misses the Net.
9:04 of 3rd period - Shot by Mattias Janmark-Nylen.
9:04 of 3rd period - Stopped by Adin Hill with a rebound.
9:08 of 3rd period - Shot by Sam Gagner.
9:08 of 3rd period - Shot Misses the Net.
9:18 of 3rd period - Shot by Sam Gagner.
9:18 of 3rd period - Shot Blocked by Ryan Suter.
9:34 of 3rd period - Shot by Sam Gagner.
9:34 of 3rd period - Shot Blocked by Ryan Suter.
9:54 of 3rd period - Shot by Adam Henrique.
9:54 of 3rd period - Stopped by Adin Hill with a rebound.
9:56 of 3rd period - Shot by Shayne Gostisbehere.
9:56 of 3rd period - Shot Blocked by Tyson Barrie.
9:58 of 3rd period - Shot by Adam Henrique.
9:58 of 3rd period - Shot Hit the Post.
10:00 of 3rd period - Shot by Andreas Athanasiou.
10:00 of 3rd period - Shot Misses the Net.
10:41 of 3rd period - Icing by Shayne Gostisbehere.
10:42 of 3rd period - Ryan Poehling wins face-off versus Adam Henrique in CALGARY FIREMEN zone.
10:42 of 3rd period - Ryan Poehling is hit by Shayne Gostisbehere.
10:54 of 3rd period - Erik Gustafsson is hit by Sonny Milano and loses puck.
11:45 of 3rd period - Shot by Gustav Forsling.
11:45 of 3rd period - Stopped by Adin Hill without a rebound.
11:46 of 3rd period - Jack Drury wins face-off versus Bobby Brink in TEXAS TOROS zone.
12:02 of 3rd period - Shot by Jason Zucker.
12:02 of 3rd period - Stopped by Vitek Vanecek without a rebound.
12:03 of 3rd period - Brett Howden wins face-off versus Bobby Brink in CALGARY FIREMEN zone.
12:03 of 3rd period - Yakov Trenin is hit by Jason Zucker and loses puck.
12:18 of 3rd period - Icing by Dante Fabbro.
12:19 of 3rd period - Jakob Silfverberg wins face-off versus Bobby Brink in TEXAS TOROS zone.
12:28 of 3rd period - Icing by Eetu Luostarinen.
12:29 of 3rd period - Bobby Brink wins face-off versus Adam Henrique in TEXAS TOROS zone.
12:36 of 3rd period - Shot by Adam Henrique.
12:36 of 3rd period - Stopped by Adin Hill without a rebound.
12:37 of 3rd period - Ryan Johansen wins face-off versus Taylor Raddysh in TEXAS TOROS zone.
12:54 of 3rd period - Trevor Zegras is hit by Jakob Silfverberg and loses puck.
13:03 of 3rd period - Shot by Ryan Johansen.
13:03 of 3rd period - Shot Misses the Net.
13:56 of 3rd period - Shot by Eetu Luostarinen.
13:56 of 3rd period - Stopped by Vitek Vanecek with a rebound.
14:49 of 3rd period - Shot by Jack Drury.
14:49 of 3rd period - Deflect By Sam Gagner.
14:49 of 3rd period - Stopped by Adin Hill with a rebound.
14:51 of 3rd period - Shot by Justin Braun.
14:51 of 3rd period - Stopped by Adin Hill without a rebound.
14:52 of 3rd period - Jakob Silfverberg wins face-off versus Vladislav Namestnikov in TEXAS TOROS zone.
14:58 of 3rd period - Shot by Filip Forsberg.
14:58 of 3rd period - Shot Misses the Net.
15:08 of 3rd period - Shot by Ryan Johansen.
15:08 of 3rd period - Stopped by Adin Hill without a rebound.
15:09 of 3rd period - Ryan Poehling wins face-off versus Jack Drury in TEXAS TOROS zone.
15:14 of 3rd period - Jack Drury is hit by Brandon Duhaime and loses puck.
15:51 of 3rd period - Sam Gagner is hit by Johnathan Kovacevic and loses puck.
15:59 of 3rd period - Icing by Johnathan Kovacevic.
16:00 of 3rd period - Ryan Johansen wins face-off versus Ryan Poehling in TEXAS TOROS zone.
16:25 of 3rd period - Shot by Filip Forsberg.
16:25 of 3rd period - Stopped by Adin Hill with a rebound.
16:27 of 3rd period - Shot by Jake McCabe.
16:27 of 3rd period - Stopped by Adin Hill without a rebound.
16:28 of 3rd period - Barrett Hayton wins face-off versus Adam Henrique in TEXAS TOROS zone.
17:49 of 3rd period - Shot by Eetu Luostarinen.
17:49 of 3rd period - Shot Misses the Net.
17:51 of 3rd period - Shot by Jason Zucker.
17:51 of 3rd period - Stopped by Vitek Vanecek without a rebound.
17:52 of 3rd period - Sam Gagner wins face-off versus Taylor Raddysh in CALGARY FIREMEN zone.
17:52 of 3rd period - Sam Gagner is hit by Taylor Raddysh.
17:59 of 3rd period - Off-side.
18:00 of 3rd period - Ryan Johansen wins face-off versus Taylor Raddysh in neutral zone.
18:02 of 3rd period - Jakob Silfverberg is hit by Trevor Zegras and loses puck.
18:13 of 3rd period - Shot by Filip Forsberg.
18:13 of 3rd period - Stopped by Adin Hill without a rebound.
18:14 of 3rd period - Jack Drury wins face-off versus Bobby Brink in TEXAS TOROS zone.
18:28 of 3rd period - Minor Penalty to Marc-Edouard Vlasic for Holding.
18:29 of 3rd period - Brett Howden wins face-off versus Bobby Brink in CALGARY FIREMEN zone.
19:01 of 3rd period - Yakov Trenin is hit by Bobby Brink and loses puck.
19:42 of 3rd period - Shot by Eetu Luostarinen.
19:42 of 3rd period - Stopped by Vitek Vanecek without a rebound.
19:43 of 3rd period - Jack Drury wins face-off versus Brandon Duhaime in CALGARY FIREMEN zone.
19:43 of 3rd period - Jack Drury is hit by Brandon Duhaime.
Goals for this period are 0 for TEXAS TOROS vs 1 for CALGARY FIREMEN.
Shots for this period are 4 for TEXAS TOROS vs 18 for CALGARY FIREMEN.


CAMERON
TALBOT
ROBERT
THOMAS
JOSHUA
MORRISSEY

EAST COAST

HOCKEY LEAGUE

  • 5.MAN2PIT5
  • 6.NHW2ATL6
  • 7.PET2WOR3
  • 8.RHI15
  • 9.CHIQUE
  • 10.LIMCHA
  • 11.LONTRV
  • 12.BALCHW